AoeStats
← jimmythejalapeno

Arabia

506544009Analyzed
2v2 RM · 17d ago on Sep 14, 2026· 55m 58s· 4 players
Game mode
Random Map
Map size
Medium (4 player)
Population
200
Speed
Normal
Resources
Standard
Victory
Conquest
Starting age
Dark Age
Ending age
Imperial Age
RankedLock teamsTeams togetherTeam positionsShared explorationLock speedFull tech treeHidden civsTurbo modeCheats
Victory
Defeat
🇦🇷 Vietnamese · Argentina
1265
+11
🇦🇷 Franks · Argentina
1049
+19
🇺🇸 Magyars · United States
1243
-20
🇨🇦 Maya · Canada
1021
-10
jimmythejalapeno
6:00 Loom
8:39 Feudal Age
13:12 Wheelbarrow
20:35 Double-Bit Axe
21:04 Bloodlines
24:37 Castle Age
25:16 Scale Barding Armor
24:57 Light Cavalry
25:38 Husbandry
26:01 Hand Cart
26:02 Horse Collar
27:38 Chain Barding Armor
28:46 Bow Saw
30:39 Gold Mining
33:39 Heavy Plow
37:17 Fervor
46:54 Imperial Age
45:19 Pikeman
49:54 Gold Shaft Mining
51:14 Plate Barding Armor
50:07 Hussar
51:53 Scale Mail Armor
53:08 Chain Mail Armor
gladator77
0:26 Loom
10:13 Feudal Age
10:39 Double-Bit Axe
10:37 Horse Collar
15:15 Padded Archer Armor
16:15 Fletching
20:53 Castle Age
20:06 Scale Mail Armor
20:45 Gold Mining
21:08 Crossbowman
22:05 Leather Archer Armor
22:03 Bow Saw
21:55 Heavy Plow
22:16 Bodkin Arrow
25:58 Elite Skirmisher
28:24 Thumb Ring
31:31 Forging
32:18 Chain Mail Armor
34:46 Eagle Warrior
35:12 Arson
39:48 Imperial Age
40:29 Ballistics
41:05 Ring Archer Armor
42:51 Pikeman
53:51 Bracer
55:15 Arbalester
Angelvk2003
6:17 Loom
9:02 Feudal Age
9:44 Double-Bit Axe
9:45 Horse Collar
20:26 Castle Age
19:07 Fletching
20:06 Wheelbarrow
20:06 Padded Archer Armor
20:29 Crossbowman
21:20 Bodkin Arrow
22:08 Bow Saw
25:02 Gold Mining
25:15 Heavy Plow
25:40 Ballistics
26:33 Leather Archer Armor
27:23 Hand Cart
28:25 Town Watch
31:18 Thumb Ring
35:46 Imperial Age
36:12 Arbalester
36:57 Bracer
38:58 Caravan
41:37 Two-Man Saw
41:12 Crop Rotation
41:18 Scale Barding Armor
41:25 Forging
40:57 Cavalier
45:13 Chemistry
44:51 Iron Casting
44:22 Husbandry
46:04 Chain Barding Armor
46:45 Paper Money
50:47 Chatras
52:08 Ring Archer Armor
52:13 Plate Barding Armor
51:54 Bloodlines
51:14 Elite Battle Elephant
PH4L4NX
4:58 Loom
10:06 Feudal Age
23:14 Castle Age
22:23 Double-Bit Axe
23:04 Forging
23:25 Scale Barding Armor
24:03 Scale Barding Armor
32:07 Iron Casting
33:25 Husbandry
34:56 Fletching
37:25 Chain Barding Armor
39:54 Bodkin Arrow
Connection lost

Rejoining the realm…

Still unreachable

The connection could not be restored.

Session expired

The server has moved on; the page needs a fresh start.